 Dungeon Crawl Stone Soup version 0.21.1-1-g345015f (webtiles) character file.

15243 shakethe the Thaumaturge (level 11, -1/67 HPs)
             Began as a Deep Elf Conjurer on Feb 21, 2018.
             Was a High Priest of Vehumet.
             Shot with an arrow by a centaur warrior (14 damage)
             ... on level 12 of the Dungeon.
             The game lasted 01:07:50 (16894 turns).

shakethe the Thaumaturge (Deep Elf Conjurer)       Turns: 16894, Time: 01:07:51

Health: -1/67      AC: 10    Str:  5    XL:     11   Next: 99%
Magic:  17/52      EV: 18    Int: 24    God:    Vehumet [*****.]
Gold:   99         SH:  0    Dex: 15    Spells: 1/33 levels left

rFire    . . .     SeeInvis .   P - staff of power {MP+17, !a}
rCold    . . .     Gourm    .   (no shield)
rNeg     + . .     Faith    .   K - +0 troll leather armour {regen}
rPois    .         Spirit   .   q - +1 helmet
rElec    .         Reflect  .   (no cloak)
rCorr    .         Harm     .   l - +0 pair of gloves
MR       +....                  v - +1 pair of boots
Stlth    ++........             (no amulet)
HPRegen  0.61/turn              r - ring of magical power {MP+9}
MPRegen  0.33/turn              O - ring of positive energy {rN+}

@: very slightly contaminated, hasted, very quick
A: no striking features
a: Renounce Religion


You were on level 12 of the Dungeon.
You worshipped Vehumet.
Vehumet was extremely pleased with you.
You were not hungry.

You visited 2 branches of the dungeon, and saw 13 of its levels.

You collected 940 gold pieces.
You spent 841 gold pieces at shops.

Inventory:

Hand Weapons
 p - a +2 hand axe of draining
   (You found it on level 2 of the Dungeon)
 R - the +6 whip of Fixation {slash, rPois, unknown}
   (You found it on level 12 of the Dungeon)

   It inflicts extra damage upon your enemies.
   It protects you from poison.
Missiles
 i - 495 stones (quivered)
 B - a throwing net {=f, !d}
Armour
 l - a +0 pair of gloves (worn)
   (You found it on level 4 of the Dungeon)
 q - a +1 helmet (worn)
   (You took it off Robin on level 2 of the Dungeon)
 v - a +1 pair of boots (worn)
   (You found it on level 3 of the Dungeon)
 K - a +0 troll leather armour (worn) {regen}
   (You found it on level 10 of the Dungeon)
Magical Staves
 P - an uncursed staff of power (weapon) {MP+17, !a}
   (You took it off a centaur on level 10 of the Dungeon)
Jewellery
 r - a ring of magical power (left hand) {MP+9}
   (You found it on level 11 of the Dungeon)
 C - an uncursed ring of resist corrosion
   (You found it on level 5 of the Dungeon)
 F - an uncursed ring of fire {rF+, rC-}
   (You found it on level 6 of the Dungeon)
 O - a ring of positive energy (right hand) {rN+}
   (You found it on level 12 of the Dungeon)
Wands
 E - a wand of paralysis (4)
   (You found it on level 6 of the Dungeon)
 G - a wand of flame (17)
   (You found it on level 7 of the Dungeon)
 I - a wand of acid (29)
   (You found it on level 8 of the Dungeon)
 L - a wand of iceblast (3)
   (You found it on level 9 of the Dungeon)
Scrolls
 d - 3 scrolls of remove curse
 e - a scroll of blinking {!r}
 f - 2 scrolls of immolation {!r}
 h - 7 scrolls of teleportation
 t - 2 scrolls of noise {unknown}
 w - a scroll of silence
 x - 3 scrolls of fear
 y - 5 scrolls of enchant armour
 D - 2 scrolls of magic mapping {unknown}
 H - a scroll of summoning
 J - a scroll of fog
 N - a scroll of identify
Potions
 j - 3 potions of might
 n - 3 potions of curing
 o - 2 potions of agility
 s - 2 potions of lignification {!q}
 u - 3 potions of magic
 z - a potion of flight
 A - a potion of cancellation
 M - a potion of heal wounds
Books
 a - a book of Power
   (You bought it in a shop on level 4 of the Dungeon)
 b - a book of Conjurations
 m - a book of Misfortune
   (You found it on level 4 of the Dungeon)
Miscellaneous
 g - a sack of spiders
 S - a box of beasts
Comestibles
 c - 19 rations


   Skills:
 + Level 7.0 Fighting
 + Level 4.2 Armour
 + Level 10.8 Dodging
 - Level 2.4 Stealth
 + Level 11.6 Spellcasting
 + Level 10.5 Conjurations
 - Level 5.7 Hexes
 - Level 4.9 Translocations
 * Level 3.2 Earth Magic


You had one spell level left.
You knew the following spells:

 Your Spells              Type           Power        Failure   Level  Hunger
c - Dazzling Spray        Conj/Hex       ######       1%          3    None
d - Force Lance           Conj/Tloc      ######..     1%          4    None
e - Confuse               Hex            #####...     1%          3    None
f - Flame Tongue          Conj/Fire      #####        1%          1    None
g - Gell's Gravitas       Tloc           #####.....   2%          3    None
h - Stone Arrow           Conj/Erth      #####.       1%          3    None
i - Iron Shot             Conj/Erth      #####.....   16%         6    #####..
x - Iskenderun's Mystic   Conj           ######..     1%          4    None
z - Iskenderun's Battles  Conj/Chrm      #####...     6%          5    ####...


Dungeon Overview and Level Annotations

Branches:
Dungeon (12/15)            Temple (1/1) D:4            Lair (0/6) D:8
    Orc (0/2) D:9

Altars:
Ashenzari
Cheibriados
Dithmenos
Elyvilon
Fedhas
Gozag
Hepliaklqana
Kikubaaqudgha
Makhleb
Nemelex Xobeh
Okawaru
Qazlal
Ru
Sif Muna
Trog
Uskayaw
Vehumet
Wu Jian
Xom
Yredelemnul
Zin
The Shining One

Shops:
D:4 ?:   D:8 [*:?[   D:10 :

Annotations:
D:3 exclusion: centaur
D:4 2 transporters


Message History

The slime creature is knocked back by the lance of force.
The slime creature slams into the crystal wall!
You kill the slime creature!
Vehumet accepts your kill.
You feel your power returning.
Your battlesphere fires!
A hound comes into view.
You regained 2 mp, and now have 39/52 mp.
Aim: a centaur warrior, wielding a shortbow Gravity reorients around the centaur warrior.
Something collides with the centaur warrior!
The orc knight collides with the centaur warrior!
The orc knight collides with the orc knight!
The hound moves out of view.
The orc knight hits your battlesphere with a great mace!!!
Your battlesphere is destroyed!
You now have 36/52 mp.
Aim: an orc knight, wielding a great mace and wearing a chain mail (unusually strong)
The lance of force hits the orc knight.
The orc knight is knocked back by the lance of force.
The orc knight slams into the crystal wall!
You now have 32/52 mp.
Aim: an orc knight, wielding a battleaxe and wearing a chain mail (lightly wounded, unusually strong)
The lance of force hits the orc knight.
The orc knight is knocked back by the lance of force.
The centaur warrior wields a shortbow.
The centaur warrior shoots an arrow.
The arrow misses you.
You now have 29/52 mp.
Aim: an orc knight, wielding a great mace and wearing a chain mail (moderately wounded, unusually strong)
The lance of force hits the orc knight.
The orc knight is knocked back by the lance of force.
The orc knight collides with the hound!
You now have 25/52 mp.
Aim: a hound (severely wounded) Gravity reorients around the hound.
Something collides with the hound! x2
You kill the hound!
Vehumet accepts your kill.
The orc knight collides with the orc knight!
You now have 22/52 mp.
Aim: an orc knight, wielding a great mace and wearing a chain mail (moderately wounded, unusually strong)
The lance of force hits the orc knight.
The orc knight is knocked back by the lance of force.
The orc knight slams into the crystal wall!
You now have 19/52 mp.
The orc knight no longer looks unusually strong.
The orc knight roars a battlecry!
The orc knight goes into a battle-frenzy!
The orc knight no longer looks unusually strong.
The centaur warrior shoots an arrow.
The arrow hits you!
You see here an arrow.
You take 10 damage, and have 57/67 hp.
There is an open door here.
Okay, then.
Okay, then.
Okay, then.
Aim: an orc knight, wielding a great mace and wearing a chain mail (heavily wounded, unusually strong)
The lance of force hits the orc knight.
The orc knight is knocked back by the lance of force.
You now have 18/52 mp.
Aim: an orc knight, wielding a great mace and wearing a chain mail (severely wounded, unusually strong)
The lance of force hits the orc knight.
The orc knight is knocked back by the lance of force.
You now have 15/52 mp.
There is an open door here.
Aim: an orc knight, wielding a battleaxe and wearing a chain mail (moderately wounded)
The lance of force hits the orc knight.
The orc knight roars a battlecry!
The orc knight goes into a battle-frenzy!
The orc knight hits you with a battleaxe!!
You take 29 damage, and have 33/67 hp.
MASSIVE DAMAGE!!
You now have 11/52 mp.
The centaur warrior shoots an arrow.
The arrow hits you!
* * * LOW HITPOINT WARNING * * *
The centaur warrior shoots an arrow.
The arrow hits you.
* * * LOW HITPOINT WARNING * * *
You see here an arrow.
You take 19 damage, and have 14/67 hp.
MASSIVE DAMAGE!!
Really read
e - 2 scrolls of blinking {!r}?
Blink to where?
You are very lightly contaminated with residual magic.
As you read the scroll of blinking {!r}, it crumbles to dust.
You feel yourself speed up.
The centaur warrior shoots an arrow.
The arrow closely misses you. As you open the door, it creaks loudly!
The centaur warrior shoots an arrow.
The arrow closely misses you.
The centaur warrior shoots an arrow.
The arrow closely misses you.
There is an open door here.
You see here an arrow.
You close the door, pushing everything out of the way.
You see here an arrow.
A centaur warrior opens the door.
The centaur warrior shoots an arrow.
The arrow hits you!
* * * LOW HITPOINT WARNING * * *
You see here an arrow.
You take 10 damage, and have 11/67 hp.
There is a stone staircase leading up here.
The centaur warrior shoots an arrow.
The arrow hits you!
You die...

#.+ #. #.# .#..# #.#
..#..###+#.#
...#........#######
..##...............
..#.........###########
###.........+....)....#
#...........#...@))...#
............'....)....#
(......######.........#
#'##...# .............#
...#...#...........####
o..###.###.......(.#
....c#...#.........# #
.....#...#(......c.# ..
....co...#.........#
...


You could see a centaur warrior.

Vanquished Creatures
  The ghost of anotherperson the Bludgeoner, a journeyman GrFi of Okawaru (D:11)
  The ghost of Terandir the Cleaver, a journeyman MiFi of Cheibriados (D:11)
  5 two-headed ogres
  The ghost of anp the Martial Artist, a novice GnTm of Cheibriados (D:8)
  A wolf spider zombie (D:10)
  An ugly thing (D:12)
  3 centaur zombies (D:12)
  3 trolls
  A slime creature (D:12)
  2 hippogriffs
  A spriggan (D:7)
  A wyvern (D:10)
  A hungry ghost (D:10)
  An acid dragon (D:11)
  A water moccasin (D:5)
  4 porcupines (D:8)
  An ice beast (D:10)
  6 phantoms
  6 orc warriors
  A sky beast (D:12)
  A black bear (D:9)
  3 ogres
  A crocodile (D:8)
  A centaur (D:10)
  10 bullfrogs
  2 gnoll sergeants
  A water moccasin zombie (D:11)
  A wyvern skeleton (D:6)
  6 scorpions
  3 killer bees (D:11)
  5 wights (D:10)
  2 howler monkeys (D:9)
  6 crimson imps
  5 bullfrog zombies
  6 hounds
  4 jellies
  18 orc wizards
  10 orc priests
  3 centaur skeletons
  A gnoll shaman (D:7)
  3 iguanas
  12 worker ants
  2 hound zombies
  A howler monkey zombie (D:11)
  A worker ant zombie (D:10)
  Robin (D:2)
  15 gnolls
  10 adders
  A river rat (D:6)
  2 shadow imps
  2 oozes
  2 adder zombies
  3 worms
  A dart slug (D:3)
  6 leopard geckos
  43 orcs
  A ball python (D:1)
  10 giant cockroaches
  8 hobgoblins
  12 jackals
  8 kobolds
  5 quokkas
  5 bats
  6 frilled lizards
  A giant cockroach zombie (D:5)
  15 goblins
  10 rats
  A fungus (D:8)
318 creatures vanquished.

Vanquished Creatures (others)
  4 fungi (D:8)
4 creatures vanquished.

Grand Total: 322 creatures vanquished

Notes
Turn   | Place    | Note
-------+----------+-------------------------------------------
     0 | D:1      | shakethe the Deep Elf Conjurer began the quest for the Orb.
     0 | D:1      | Reached XP level 1. HP: 10/10 MP: 6/6
   245 | D:1      | Reached XP level 2. HP: 15/15 MP: 5/8
   315 | D:1      | Reached skill level 3 in Dodging
   391 | D:1      | Learned a level 2 spell: Searing Ray
   675 | D:1      | Reached XP level 3. HP: 19/19 MP: 8/10
  1193 | D:2      | Reached skill level 4 in Spellcasting
  1307 | D:2      | Reached skill level 5 in Conjurations
  1582 | D:2      | Learned a level 3 spell: Dazzling Spray
  1638 | D:2      | Reached XP level 4. HP: 24/24 MP: 4/12
  1639 | D:2      | Noticed Robin
  1650 | D:2      | Killed Robin
  1797 | D:2      | Found a white marble altar of Elyvilon.
  1995 | D:2      | Found a snail-covered altar of Cheibriados.
  2001 | D:2      | Found a blossoming altar of Fedhas.
  2003 | D:2      | Found a shattered altar of Ashenzari.
  2003 | D:2      | Found a stormy altar of Qazlal.
  2003 | D:2      | Found a bloodstained altar of Trog.
  2003 | D:2      | Found a hazy altar of Hepliaklqana.
  2011 | D:2      | Found a sacrificial altar of Ru.
  2012 | D:2      | Found an ornate altar of the Wu Jian Council.
  2785 | D:3      | Noticed a centaur
  3138 | D:3      | Reached skill level 1 in Fighting
  3138 | D:3      | Reached skill level 4 in Dodging
  3138 | D:3      | Reached XP level 5. HP: 29/29 MP: 10/13
  3339 | D:4      | Found Cikhego's Magic Scroll Boutique.
  3406 | D:4      | Found a transporter.
  3431 | D:4      | Found a transporter.
  3502 | D:4      | Found a staircase to the Ecumenical Temple.
  3531 | Temple   | Entered the Ecumenical Temple
  3558 | Temple   | Became a worshipper of Vehumet
  3605 | D:4      | Noticed a phantom
  3618 | D:4      | Killed a phantom
  3618 | D:4      | Reached skill level 5 in Spellcasting
  3745 | D:4      | Reached XP level 6. HP: 27/35 MP: 6/15
  3889 | D:4      | Found a shimmering altar of Xom.
  3935 | D:4      | Reached skill level 2 in Fighting
  3943 | D:4      | Bought a scroll of teleportation for 36 gold pieces
  3943 | D:4      | Bought a scroll of blinking for 90 gold pieces
  3943 | D:4      | Bought a scroll of fear for 42 gold pieces
  3943 | D:4      | Bought a scroll of remove curse for 36 gold pieces
  4033 | D:4      | Reached skill level 5 in Dodging
  4063 | D:4      | Reached skill level 6 in Conjurations
  4066 | D:4      | HP: 7/35 [orc priest/trident (9)]
  4343 | D:4      | Found a hide-covered altar of Uskayaw.
  4550 | D:4      | Found Icsog's Book Emporium.
  4562 | D:5      | Entered Level 5 of the Dungeon
  4655 | D:5      | Noticed a water moccasin
  4678 | D:5      | Killed a water moccasin
  4678 | D:5      | Reached skill level 6 in Spellcasting
  4678 | D:5      | Reached XP level 7. HP: 21/40 MP: 4/18
  4826 | D:5      | Learned a level 4 spell: Force Lance
  4830 | D:5      | Learned a level 3 spell: Confuse
  5079 | D:5      | Reached skill level 1 in Hexes
  5153 | D:5      | Reached skill level 1 in Translocations
  5460 | D:5      | Reached * piety under Vehumet
  5460 | D:5      | Offered knowledge of Flame Tongue by Vehumet.
  5485 | D:5      | Learned a level 1 spell: Flame Tongue
  5502 | D:5      | Reached skill level 2 in Hexes
  5824 | D:5      | Reached skill level 3 in Fighting
  5946 | D:6      | Reached skill level 2 in Translocations
  5946 | D:6      | Reached XP level 8. HP: 15/46 MP: 7/19
  6497 | D:6      | Reached skill level 6 in Dodging
  6746 | D:6      | HP: 8/46 [wyvern skeleton (4)]
  6997 | D:6      | Reached skill level 3 in Hexes
  7059 | D:6      | Reached skill level 7 in Spellcasting
  7062 | D:6      | Found a sacrificial altar of Ru.
  7254 | D:6      | Reached skill level 7 in Conjurations
  7254 | D:6      | Reached skill level 3 in Translocations
  7266 | D:6      | Learned a level 4 spell: Iskenderun's Mystic Blast
  7344 | D:6      | Offered knowledge of Shock by Vehumet.
  7408 | D:6      | Reached ** piety under Vehumet
  7742 | D:7      | Reached skill level 4 in Hexes
  8283 | D:7      | Reached XP level 9. HP: 48/52 MP: 13/22
  8292 | D:7      | Learned a level 3 spell: Gell's Gravitas
  8482 | D:7      | Reached skill level 7 in Dodging
  8678 | D:7      | Reached skill level 4 in Fighting
  8678 | D:7      | Reached skill level 4 in Translocations
  9299 | D:8      | Reached skill level 8 in Spellcasting
  9299 | D:8      | Reached skill level 5 in Hexes
  9452 | D:8      | Found Zigevo's Magic Scroll Emporium.
  9463 | D:8      | Bought a scroll of blinking for 97 gold pieces
  9476 | D:8      | Found a staircase to the Lair.
  9576 | D:8      | Reached skill level 8 in Conjurations
  9586 | D:8      | Offered knowledge of Stone Arrow by Vehumet.
  9603 | D:8      | Learned a level 3 spell: Stone Arrow
  9780 | D:8      | Found a stormy altar of Qazlal.
  9792 | D:8      | Found Taupupi's Antique Armour Shoppe.
  9849 | D:8      | Noticed anp's ghost (novice GnTm)
  9865 | D:8      | Killed anp's ghost
  9865 | D:8      | Reached skill level 8 in Dodging
  9865 | D:8      | Reached skill level 2 in Earth Magic
  9865 | D:8      | Reached XP level 10. HP: 30/58 MP: 3/24
 10135 | D:8      | Found Gurrekal's Book Boutique.
 10330 | D:8      | Found Esusoac's Assorted Antiques.
 10576 | D:8      | Found Ciseozut's Armour Shoppe.
 10708 | D:9      | Reached skill level 9 in Spellcasting
 10817 | D:9      | Found a staircase to the Orcish Mines.
 10843 | D:9      | Reached skill level 5 in Fighting
 11092 | D:9      | Reached *** piety under Vehumet
 11498 | D:9      | Found an iron altar of Okawaru.
 11696 | D:10     | Entered Level 10 of the Dungeon
 11876 | D:10     | Noticed a two-headed ogre
 12178 | D:10     | Reached skill level 9 in Dodging
 12178 | D:10     | Reached skill level 9 in Conjurations
 12357 | D:10     | Offered knowledge of Throw Icicle by Vehumet.
 12522 | D:10     | Reached skill level 1 in Armour
 12615 | D:10     | Noticed a two-headed ogre
 12622 | D:10     | Killed a two-headed ogre
 12622 | D:10     | Reached skill level 10 in Spellcasting
 13022 | D:10     | Noticed a two-headed ogre
 13034 | D:10     | Killed a two-headed ogre
 13034 | D:10     | Reached skill level 6 in Fighting
 13034 | D:10     | Reached skill level 2 in Armour
 13231 | D:10     | Found Verphod's Book Emporium.
 13248 | D:10     | Killed a two-headed ogre
 13248 | D:10     | Reached XP level 11. HP: 64/64 MP: 26/27
 13429 | D:10     | Reached **** piety under Vehumet
 13622 | D:11     | Noticed a two-headed ogre
 13625 | D:11     | Noticed Terandir's ghost (journeyman MiFi)
 13631 | D:11     | Killed a two-headed ogre
 13649 | D:11     | Killed Terandir's ghost
 13649 | D:11     | Reached skill level 3 in Armour
 13649 | D:11     | Reached skill level 10 in Dodging
 13827 | D:11     | Reached skill level 10 in Conjurations
 14038 | D:11     | Noticed anotherperson's ghost (journeyman GrFi)
 14688 | D:11     | Offered knowledge of Inner Flame by Vehumet.
 14688 | D:11     | Reached skill level 11 in Spellcasting
 15259 | D:11     | Killed anotherperson's ghost
 15681 | D:12     | Noticed a two-headed ogre
 15687 | D:12     | Killed a two-headed ogre
 15734 | D:12     | Reached skill level 4 in Armour
 16186 | D:4      | Bought a book of Power for 540 gold pieces
 16193 | D:4      | Learned a level 6 spell: Iron Shot
 16201 | D:4      | Learned a level 5 spell: Iskenderun's Battlesphere
 16351 | D:12     | Noticed a green ugly thing
 16362 | D:12     | Killed a green ugly thing
 16362 | D:12     | Reached skill level 7 in Fighting
 16539 | D:12     | Got a dazzling whip
 16688 | D:12     | Reached ***** piety under Vehumet
 16688 | D:12     | Reached skill level 3 in Earth Magic
 16694 | D:12     | Offered knowledge of Lee's Rapid Deconstruction by Vehumet.
 16842 | D:12     | Noticed a centaur warrior
 16843 | D:12     | Noticed an orc knight
 16847 | D:12     | Noticed an orc knight
 16849 | D:12     | Noticed a centaur warrior
 16871 | D:12     | HP: 14/67 [centaur warrior/arrow (5)]
 16888 | D:12     | HP: 10/67 [centaur warrior/arrow (11)]
 16894 | D:12     | Shot with an arrow by a centaur warrior

Skill      XL: |  1  2  3  4  5  6  7  8  9 10 11 |
---------------+----------------------------------+-----
Dodging        | 3 4 5 6 8 9 10 | 10.8
Spellcasting   | 4 5 6 7 8 10 11 | 11.6
Conjurations   | 5 6 7 8 9 10 | 10.5
Fighting       | 1 2 3 4 6 7 |  7.0
Hexes          | 2 4 5 |  5.7
Translocations | 2 3 4 |  4.9
Earth Magic    | 2 3 |  3.2
Armour         | 2 4 |  4.2
Stealth        | |  2.4

Action                   |  1- 3 |  4- 6 |  7- 9 | 10-12 || total
-------------------------+-------+-------+-------+-------++-------
Melee: Club              |     1 |       |       |       ||     1
       Whip              |     1 |       |       |       ||     1
       Hand axe          |       |    12 |    30 |    13 ||    55
Throw: Stone             |     1 |       |       |     2 ||     3
 Cast: Magic Dart        |    77 |    82 |   175 |    84 ||   418
       Searing Ray       |     2 |    20 |    30 |    13 ||    65
       Force Lance       |       |       |    36 |   122 ||   158
       Iskenderun's Myst |       |       |    15 |    30 ||    45
       Confuse           |       |       |     6 |     2 ||     8
       Dazzling Spray    |       |       |     2 |       ||     2
       Stone Arrow       |       |       |       |   128 ||   128
       Gell's Gravitas   |       |       |       |     6 ||     6
       Iskenderun's Batt |       |       |       |     2 ||     2
  Use: Scroll            |       |     7 |     2 |    14 ||    23
       Potion            |       |     1 |       |     1 ||     2
 Stab: Confused          |       |       |       |     1 ||     1
  Eat: Chunk             |     2 |     7 |    19 |    19 ||    47
       Ration            |       |     1 |       |     1 ||     2
Armor: Robe              |       |     3 |    23 |       ||    26
       Troll leather arm |       |       |       |    38 ||    38
Dodge: Dodged            |    13 |    33 |   106 |   120 ||   272

Vault maps used:
D:1:      minmay_arrival_stone_box, lemuel_another_geyser
D:2:      minitemple, elyvilon_altar_1, minmay_crystal_room, uniq_robin
D:3:      lemuel_upstairs_altar
D:4:      gammafunk_cloud_chamber, kennysheep_mini_moat,
          overflow_temple_1_default, minmay_temple_entry_butterflies,
          serial_shops, nicolae_shop_waterfront, shop_scrolls
D:5:      first_ration, due_unseen_surprise
D:6:      gup_sewer_entry_bowl, basic_altar, st_stairs_1
D:7:      the_bakery
D:8:      due_lair_maze_entry_diamond, serial_shops, shop, shop, shop, shop,
          nicolae_shop_crystal, nicolae_qazlal_general_emergency
D:9:      old_standard_altar
D:10:     serial_shops, shop
D:11:     minmay_misc_feat_alley
D:12:     minmay_radiant, uniq_josephine
Temple:   chequers_temple_sunken

Table legend:
 A = Turns spent in this place as a percentage of turns spent in the entire game.
 B = Non-inter-level travel turns spent in this place as a percentage of non-inter-level travel turns spent in the entire game.
 C = Inter-level travel turns spent in this place as a percentage of turns spent in this place.
 D = Turns resting spent in this place as a percentage of non-inter-level travel turns spent in this place.
 E = Turns spent auto-exploring this place as a percentage of non-inter-level travel turns spent in this place.
 F = Non-inter-level travel turns spent in this place divided by the number of levels of this place that you've seen.
                   A       B       C       D       E      F
               +-------+-------+-------+-------+-------+----------------------
         Total | 100.0 | 100.0 |   3.7 |  31.7 |  42.6 | 1252.1
       Dungeon |  99.7 |  99.7 |   3.6 |  31.8 |  42.7 | 1352.1
        Temple |   0.3 |   0.3 |  11.9 |   0.0 |  36.5 |  52.0
               +-------+-------+-------+-------+-------+----------------------

Table legend:
 A = Kills in this place as a percentage of kills in entire the game.
 B = Kills by you in this place as a percentage of kills by you in the entire game.
 C = Kills by friends in this place as a percentage of kills by friends in the entire game.
 D = Other kills in this place as a percentage of other kills in the entire game.
 E = Experience gained in this place as a percentage of experience gained in the entire game.
 F = Experience gained in this place divided by the number of levels of this place that you have seen.
                   A       B       C       D       E      F
               +-------+-------+-------+-------+-------+----------------------
         Total | 100.0 | 100.0 |   N/A |   N/A | 100.0 | 1675.1
       Dungeon | 100.0 | 100.0 |   N/A |   N/A | 100.0 | 1814.7
               +-------+-------+-------+-------+-------+----------------------
